 Dungeon Crawl Stone Soup version 0.26-a0-255-gd5f3108e62 (webtiles) character file.

Game seed: 5706230486162148598

35 Apogee the Chopper (level 3, -1/33 HPs)
             Began as a Hill Orc Fighter on July 9, 2020.
             Slain by a sky beast (3 damage)
             ... on level 2 of the Dungeon.
             The game lasted 00:01:53 (1171 turns).

Apogee the Chopper (Hill Orc Fighter)               Turns: 1171, Time: 00:01:54

Health: -1/33      AC: 11    Str: 19    XL:     3   Next: 33%
Magic:  3/3        EV:  5    Int:  8    God:
Gold:   48         SH:  0    Dex: 10    Spells: 2/2 levels left

rFire    . . .     SeeInvis .   a - +0 war axe
rCold    . . .     Faith    .   (no shield)
rNeg     . . .     Spirit   .   g - +0 plate armour
rPois    .         Reflect  .   (no helmet)
rElec    .         Harm     .   (no cloak)
rCorr    .                      (no gloves)
MR       .....                  (no boots)
Stlth    ..........             (no amulet)
HPRegen  0.11/turn              (no ring)
MPRegen  0.08/turn              (no ring)

@: mighty
A: no striking features
a: no special abilities


You were on level 2 of the Dungeon.
You were not hungry.

You visited 1 branch of the dungeon, and saw 2 of its levels.

You collected 48 gold pieces.

Inventory:

Hand Weapons
 a - a +0 war axe (weapon)
Missiles
 m - 57 stones (quivered)
 o - 21 poisoned darts
Armour
 b - a +0 scale mail
 c - a +0 kite shield
 g - a +0 plate armour (worn)
Scrolls
 e - 3 scrolls of identify {unknown}
 h - a scroll of immolation {unknown}
 j - 2 scrolls of remove curse {unknown}
 l - 2 scrolls of teleportation {unknown}
Potions
 i - 2 potions of lignification {unknown}
 k - a potion of haste {unknown}
 n - a potion of flight {unknown}
Comestibles
 f - 5 rations


   Skills:
 + Level 4.2 Fighting
 * Level 4.3 Axes
 - Level 3.2 Armour
 - Level 3.2 Shields


You had 2 spell levels left.
You didn't know any spells.
Your spell library was empty.

Dungeon Overview and Level Annotations

Branches:
Dungeon (2/15)

Altars:


Message History

You closely miss something. Something hits you but does no damage.
You miss something. Something hits you. Something shocks you.
You closely miss something. Something hits you. Something shocks you.
You closely miss something.
Something hits you but does no damage. x2
You hit something but do no damage. Something hits you but does no damage.
You closely miss something. Something hits you but does no damage.
You barely miss something. Something hits you but does no damage.
Something hits you.
* * * LOW HITPOINT WARNING * * *
Something shocks you.
* * * LOW HITPOINT WARNING * * *
You feel very mighty all of a sudden. Something hits you but does no damage.
You closely miss something.
A sky beast appears from thin air!
Reactivating autopickup.
The sky beast hits you but does no damage.
You miss the sky beast.
The sky beast is heavily wounded.
The sky beast hits you.
You die...

##########.......#
#..........#####.##.#
#..........# #.##.#
#..........#####.##.# .
#................##.#
..##................##.#
................>...##.#
....................##.#
#..Y@............##.#
#.§..)...........#
..'..##.##.###.....##
..## #.##..####.### #.#
# #.###.## #.# #.# ..#
#..# #.# #.# ### ##.#
#.# #.# #†# #.# #.#
#)###.# #.#


You could see a sky beast.

Vanquished Creatures
  An ooze (D:1)
  2 giant cockroaches
  4 hobgoblins (D:1)
  3 jackals (D:1)
  2 bats
  3 frilled lizards (D:1)
  5 goblins
  7 kobolds
  A rat (D:2)
28 creatures vanquished.

Notes
Turn   | Place    | Note
-------+----------+-------------------------------------------
     0 | D:1      | Apogee the Hill Orc Fighter began the quest for the Orb.
     0 | D:1      | Reached XP level 1. HP: 19/19 MP: 1/1
   133 | D:1      | Reached XP level 2. HP: 24/27 MP: 2/2
   508 | D:1      | Reached XP level 3. HP: 29/33 MP: 3/3
   778 | D:2      | Noticed a sky beast
  1171 | D:2      | Slain by a sky beast

Illustrated notes

Levels and vault maps discovered:
D:1:      lightli_arrival_boilingwater, layout_basic,
          chequers_serial_rivers_small_a
D:2:      layout_basic, chequers_ecumenical_altar_lobes, eino_tiny_chamber

Skill      XL: |  1  2 |
---------------+-------+-----
Axes           | 3 4 |  4.3
Fighting       | 4 |  4.2
Armour         | |  3.2
Shields        | |  3.2

Action                   || total
-------------------------++-------
Melee: War axe           ||   102
  Use: Potion            ||     1
  Eat: Ration            ||     1
Armor: Plate armour      ||    93
       Scale mail        ||     2
Dodge: Dodged            ||    35

Table legend:
 A = Non-vault XP
 B = Vault XP
 C = Vault XP percentage of total XP
 D = Non-vault monster count
 E = Vault monster count
 F = Vault count percentage of total count
                 A         B        C        D         E       F
            +---------+---------+-------+---------+---------+-------
      Total |      50 |       0 |   0.0 |      28 |       0 |   0.0
            +---------+---------+-------+---------+---------+-------
        D:1 |      38 |       0 |   0.0 |      20 |       0 |   0.0
        D:2 |      12 |       0 |   0.0 |       8 |       0 |   0.0
            +---------+---------+-------+---------+---------+-------
